 Dungeon Crawl Stone Soup version 0.30-a0-360-g447f08457e (webtiles) character file.

Game seed: 9330137374568875945

1183 Feneti the Shield-Bearer (level 8, -3/71 HPs)
             Began as a Minotaur Fighter on Nov 13, 2022.
             Succumbed to Duvessa's poison
             ... on level 6 of the Dungeon.
             The game lasted 00:08:27 (4539 turns).

Feneti the Shield-Bearer (Minotaur Fighter)         Turns: 4539, Time: 00:08:28

Health: -3/71      AC: 14    Str: 22    XL:     8   Next: 19%
Magic:  7/7        EV: 11    Int:  5    God:
Gold:   173        SH:  6    Dex: 11    Spells: 7/7 levels left

rFire   . . .      SeeInvis .    a - +0 war axe (protect)
rCold   + + .      Faith    .    c - +1 buckler
rNeg    . . .      Spirit   .    b - +0 scale mail
rPois   +          Reflect  .    (helmet restricted)
rElec   .          Harm     .    (no cloak)
rCorr   .          Rampage  .    (no gloves)
Will    .....                    (no boots)
Stlth   ..........               (no amulet)
HPRegen 0.31/turn                e - ring of protection from cold
MPRegen 0.10/turn                q - ring of flight

@: lethally poisoned (-3 -> -24), under a protective aura, flying, studying
Unarmed Combat
A: horns 2, retaliatory headbutt, cold resistance 1, poison resistance
a: no special abilities


You were on level 6 of the Dungeon.
You visited 1 branch of the dungeon, and saw 6 of its levels.

You collected 322 gold pieces.
You spent 149 gold pieces at shops.

Inventory:

Hand Weapons
 a - a +0 war axe of protection (weapon)
Armour
 b - a +0 scale mail (worn)
 c - a +1 buckler (worn)
Jewellery
 e - a ring of protection from cold (left hand)
 f - a ring of positive energy
 p - a ring of poison resistance
 q - a ring of flight (right hand)
Wands
 l - a wand of iceblast (11)
 m - a wand of charming (9)
Scrolls
 j - 2 scrolls of teleportation
 k - a scroll of blinking
 o - 2 scrolls of fear
 r - 2 scrolls of poison
 t - a scroll of enchant armour
 v - 3 scrolls of identify
Potions
 d - a potion of might
 g - a potion of flight
 h - 2 potions of heal wounds
 i - a potion of lignification
 n - a potion of ambrosia
 s - a potion of invisibility
 u - a potion of magic
 w - a potion of mutation
 x - a potion of cancellation


   Skills:
 + Level 6.3 Fighting
 + Level 5.6 Axes
 + Level 6.3 Armour
 + Level 4.5 Dodging
 + Level 6.4 Shields


You had 7 spell levels left.
You didn't know any spells.
Your spell library contained the following spells:

 Spells                   Type           Power      Damage    Failure   Level
 Freeze                   Ice            0%         1d3       86%         1
 Cigotuvi's Dreadful Rot  Necr/Pois/Air  0%         N/A       94%         2
 Poisonous Vapours        Pois/Air       0%         N/A       94%         2
 Frozen Ramparts          Ice            0%         1d1       99%         3
 Hailstorm                Conj/Ice       0%         3d3       99%         3
 Mephitic Cloud           Conj/Pois/Air  0%         N/A       99%         3


Dungeon Overview and Level Annotations

Branches:
Dungeon (6/15)
 Temple: D:4-7

Altars:
Ashenzari
Cheibriados
Dithmenos
Fedhas
Gozag
Vehumet
Yredelemnul
Zin

Shops:
D:2 :   D:3 ==*?:   D:5 *

Annotations:
D:6 Duvessa


Innate Abilities, Weirdness & Mutations

You have a pair of horns on your head.
You reflexively headbutt those who attack you in melee.
Your flesh is cold resistant. (rC+)
Your system is resistant to poisons. (rPois)


Message History

Duvessa hits you but does no damage. You block Duvessa's attack.
Unknown command.
You hit Duvessa but do no damage.
Duvessa is heavily wounded.
You block Duvessa's attack.
Unknown command.
You closely miss Duvessa.
Duvessa is heavily wounded.
Duvessa hits you with a +2 rapier of venom.
You are poisoned.
Duvessa hits you but does no damage.
Unknown command.
You hit Duvessa.
Duvessa is severely wounded.
You feel very sick. Duvessa barely misses you.
Duvessa hits you with a +2 rapier of venom.
Unknown command.
You barely miss Duvessa.
Duvessa is severely wounded.
You feel sick. Duvessa hits you but does no damage. You block Duvessa's attack.
Unknown command.
You closely miss Duvessa.
Duvessa is severely wounded.
You feel sick. You block Duvessa's attack.
Duvessa hits you with a +2 rapier of venom!
* * * LOW HITPOINT WARNING * * *
You are lethally poisoned!
Unknown command.
You hit Duvessa but do no damage.
Your weapon exudes an aura of protection.
Duvessa is severely wounded.
* * * LOW HITPOINT WARNING * * *
You feel extremely sick. You block Duvessa's attack.
Duvessa hits you with a +2 rapier of venom!
* * * LOW HITPOINT WARNING * * *
You barely miss Duvessa.
Duvessa is severely wounded.
You die...

#..................# #.#
#..^...^......^....# #.+
#..^^^...........#.# #.#
#.......^.......##.####.#
##..............##...##.#
#^.^........^.#####..#.#
##..........### ##...#
##.^........# ##...
########..@e....# ####
.........##)....#
########## ....(# .....#
....[# .....# #.####
##+##############
#.....#.........+


You could see Duvessa (berserk).

Vanquished Creatures
  An orc warrior (D:6)
  An ogre (D:5)
  A kobold brigand (D:6)
  A necrophage (D:4)
  Dowan (D:6)
  3 killer bees (D:6)
  An orc priest (D:6)
  5 hounds
  2 gnoll boudas (D:5)
  2 jellies
  2 iguanas
  2 orc wizards
  11 gnolls
  5 adders
  2 shadow imps
  2 worms (D:2)
  11 dart slugs
  17 orcs
  2 bats
  5 endoplasms
  2 giant cockroaches
  5 goblins
  6 hobgoblins
  4 jackals (D:4)
  9 kobolds
  4 quokkas
  5 ball pythons
  5 frilled lizards
  4 rats
121 creatures vanquished.

Vanquished Creatures (others)
  5 fungi (D:4)
  9 plants
14 creatures vanquished.

Grand Total: 135 creatures vanquished

Notes
Turn   | Place    | Note
-------+----------+-------------------------------------------
     0 | D:1      | Feneti the Minotaur Fighter began the quest for the Orb.
     0 | D:1      | Reached XP level 1. HP: 19/19 MP: 0/0
   130 | D:1      | Reached XP level 2. HP: 27/27 MP: 1/1
   269 | D:1      | Reached skill level 1 in Dodging
   639 | D:1      | Reached XP level 3. HP: 33/33 MP: 2/2
  1045 | D:2      | Reached XP level 4. HP: 40/40 MP: 3/3
  1203 | D:2      | Found Kiorph's Book Boutique.
  1275 | D:2      | Identified the +4 spear of the Hierophant {flame, rElec}
  1652 | D:3      | Found Nirekli's Jewellery Shop.
  1715 | D:3      | Found Olithril's Jewellery Shoppe.
  1785 | D:3      | Found an opulent altar of Gozag.
  1857 | D:3      | Found Yfyq's Book Boutique.
  1888 | D:3      | Found a broken altar of Ashenzari.
  1906 | D:3      | Found Voplao's Magic Scroll Shoppe.
  1915 | D:3      | Bought a scroll of identify for 24 gold pieces
  1915 | D:3      | Bought a scroll of blinking for 90 gold pieces
  1924 | D:3      | Found Vayqey's General Store.
  1999 | D:3      | Found a snail-covered altar of Cheibriados.
  2465 | D:4      | Noticed a necrophage
  2469 | D:4      | Reached XP level 5. HP: 47/47 MP: 4/4
  2696 | D:4      | Reached XP level 6. HP: 31/55 MP: 5/5
  2700 | D:4      | Reached skill level 5 in Shields
  2702 | D:4      | Reached skill level 5 in Fighting
  2702 | D:4      | Reached skill level 5 in Armour
  2822 | D:4      | Gained mutation: You are dopey. (Int -2) [potion of
                  | mutation]
  2822 | D:4      | Gained mutation: You have a pair of large horns on your
                  | head. [potion of mutation]
  2823 | D:4      | Lost mutation: You have a pair of large horns on your head.
                  | [potion of mutation]
  2823 | D:4      | Lost mutation: You are dopey. (Int -2) [potion of mutation]
  2823 | D:4      | Gained mutation: Your system is resistant to poisons.
                  | (rPois) [potion of mutation]
  2823 | D:4      | Gained mutation: Your flesh is cold resistant. (rC+)
                  | [potion of mutation]
  2945 | D:4      | Found a shadowy altar of Dithmenos.
  2990 | D:4      | Found a radiant altar of Vehumet.
  2990 | D:4      | Found a glowing silver altar of Zin.
  3000 | D:4      | Found a basalt altar of Yredelemnul.
  3059 | D:4      | Found a blossoming altar of Fedhas.
  3236 | D:5      | Entered Level 5 of the Dungeon
  3273 | D:5      | Reached XP level 7. HP: 30/61 MP: 6/6
  3751 | D:5      | Found Dijir's CLEARANCE SALE!.
  3757 | D:5      | Bought a potion of heal wounds for 25 gold pieces
  3757 | D:5      | Bought a scroll of identify for 10 gold pieces
  3943 | D:6      | Reached skill level 5 in Axes
  4311 | D:6      | Reached XP level 8. HP: 59/70 MP: 7/7
  4521 | D:6      | Noticed Duvessa
  4521 | D:6      | Noticed Dowan
  4528 | D:6      | Killed Dowan
  4538 | D:6      | HP: 2/71 [Duvessa/+2 rapier of venom (7)]
  4539 | D:6      | Succumbed to Duvessa's poison

Illustrated notes

Levels and vault maps discovered:
D:1:      dpeg_arrival_rhombus, layout_loops_ring, st_stairs_3, minivault_23,
          dk_noncrumbling_2, minmay_pentomino_t4
D:2:      layout_basic, serial_bayou, serial_bayou_crossing,
          serial_bayou_pond_a, serial_bayou_lake_a, serial_bayou_pond_e,
          serial_shops, nicolae_shop_crystal
D:3:      layout_basic, nicolae_overflow_hidden_temple, grunt_gozag_statues,
          kennysheep_slug_shrine, serial_shops, shop, shop_statue, shop, shop,
          shop_fountains
D:4:      layout_basic, nicolae_dithmenos_the_darkroom, fedhas_ov_isle_minmay,
          minitemple, dreamdust_gnoll_farm
D:5:      layout_rooms, nicolae_shop_clearance
D:6:      dreamdust_elfheim, layout_basic, minmay_holes, chequers_jeans,
          minmay_manual_maat, uniq_duvessa

Skill      XL: |  1  2  3  4  5  6  7 |
---------------+----------------------+-----
Dodging        | 1 2 3 4 |  4.5
Armour         | 4 5 6 |  6.3
Shields        | 4 5 6 |  6.4
Fighting       | 4 5 6 |  6.3
Axes           | 3 4 5 |  5.6

Action                   |  1- 3 |  4- 6 |  7- 9 || total
-------------------------+-------+-------+-------++-------
Melee: War axe           |    66 |   118 |    94 ||   278
       Headbutt          |    12 |    16 |     9 ||    37
  Use: Scroll            |       |    14 |     3 ||    17
       Potion            |       |     4 |       ||     4
Armor: Scale mail        |    38 |    64 |    40 ||   142
Dodge: Dodged            |    29 |    82 |    48 ||   159
Block: Buckler           |    13 |    46 |    32 ||    91

Table legend: (Time is in decaauts)
 A = Elapsed time spent in this place.
 B = Non-inter-level travel time spent in this place.
 C = Inter-level travel time spent in this place.
 D = Time resting spent in this place.
 E = Time spent auto-exploring this place.
 F = Levels seen in this place.
 G = Mean time per level.
                   A        B        C        D        E       F      G
               +--------+--------+--------+--------+--------+-----+--------+
         Total |   4669 |   4496 |    173 |      0 |   3653 |   6 |  778.2 |
       Dungeon |   4669 |   4496 |    173 |      0 |   3653 |   6 |  778.2 |
               +--------+--------+--------+--------+--------+-----+--------+

Top non-repeatable levels by time:
     D:2: 856 daAuts
     D:3: 845 daAuts
     D:1: 839 daAuts
     D:4: 791 daAuts
     D:5: 671 daAuts
     D:6: 665 daAuts
